 Dungeon Crawl Stone Soup version 0.27.1-4-g1640c2035a (webtiles) character file.

Game seed: 8380421518575135481

58 Stomo444 the Gusty (level 4, -2/33 HPs)
             Began as a Vine Stalker Air Elementalist on Nov 12, 2021.
             Slain by Terence (8 damage)
             ... on level 2 of the Dungeon.
             The game lasted 00:03:57 (2363 turns).

Stomo444 the Gusty (Vine Stalker Air Elementalist)  Turns: 2363, Time: 00:03:58

Health: -2/33      AC:  2    Str: 11    XL:     4   Next: 2%
Magic:  0/9        EV: 12    Int: 21    God:
Gold:   70         SH:  0    Dex: 15    Spells: 5/8 levels left

rFire    . . .     SeeInvis .   c - +0 dagger
rCold    . . .     Faith    .   (no shield)
rNeg     . . .     Spirit   +   a - +0 robe
rPois    .         Reflect  .   (no helmet)
rElec    .         Harm     .   (no cloak)
rCorr    .         Rampage  .   (no gloves)
Will     .....                  (no boots)
Stlth    ..........             (no amulet)
HPRegen  1.11/turn              h - +6 ring of intelligence
MPRegen  0.11/turn              (no ring)

@: berserking, lethally poisoned (-2 -> -6), very quick
A: fangs 2, regeneration 1, magic shield, antimagic bite, no potion heal 2
a: no special abilities


You were on level 2 of the Dungeon.
You visited 1 branch of the dungeon, and saw 2 of its levels.

You collected 70 gold pieces.

Inventory:

Hand Weapons
 c - a +0 dagger (weapon)
Armour
 a - a +0 robe (worn)
Jewellery
 g - an amulet of faith
 h - a +6 ring of intelligence (left hand)
 i - a ring of wizardry
 k - a ring of fire
Scrolls
 d - 2 scrolls of identify
 e - a scroll of vulnerability {unknown}
 j - a scroll of silence {unknown}
 n - a scroll of enchant weapon {unknown}
Potions
 m - a potion of heal wounds {unknown}


   Skills:
 + Level 1.1 Fighting
 + Level 2.0 Dodging
 - Level 2.4 Stealth
 + Level 2.7 Spellcasting
 + Level 1.7 Conjurations
 + Level 3.4 Air Magic


You had 5 spell levels left.
You knew the following spells:

 Your Spells              Type           Power      Damage    Failure   Level
a - Shock                 Conj/Air       52%        1d6       4%          1
b - Static Discharge      Conj/Air       13%        N/A       7%          2

Your spell library contained the following spells:

 Spells                   Type           Power      Damage    Failure   Level
 Swiftness                Air            17%        N/A       10%         3
 Airstrike                Air            8%         N/A       32%         4
 Animate Dead             Necr           1%         N/A       80%         4
 Haunt                    Necr/Summ      1%         N/A       100%        7
 Infestation              Necr           1%         N/A       100%        8


Dungeon Overview and Level Annotations

Branches:
Dungeon (2/15)

Altars:
Xom

Annotations:
D:2 Terence


Innate Abilities, Weirdness & Mutations

You have extremely sharp teeth.
Your natural rate of healing is unusually fast.
When hurt, damage is shared between your health and your magic reserves.
Your bite disrupts and absorbs the magic of your enemies.
Potions cannot restore your health.


Message History

Confirm with . or Enter, or press ? or * to list all spells.
Aiming: Shock (safe; 4% risk of failure)
Press: ? - help, Shift-Dir - straight line, f/p - Terence
Aim: Terence, wielding a +4 short sword of venom and wearing a +0 scale mail (heavily wounded, 72% to hit)
The zap misses Terence.
The zap hits Terence.
Terence is heavily wounded.
The goblin unwields a +0 dagger.
The goblin wields a +0 hunting sling.
The goblin shoots a stone.
The stone hits you.
Casting: Shock (safe; 4% risk of failure)
Confirm with . or Enter, or press ? or * to list all spells.
Aiming: Shock (safe; 4% risk of failure)
Press: ? - help, Shift-Dir - straight line, f/p - Terence
Aim: Terence, wielding a +4 short sword of venom and wearing a +0 scale mail (heavily wounded, 72% to hit)
The zap hits Terence but does no damage.
Terence is heavily wounded.
Unknown command.
You barely miss Terence. You bite Terence, but do no damage.
Terence is heavily wounded.
Terence hits you with a +4 short sword of venom!
You are poisoned.
Casting: Shock (safe; 4% risk of failure)
Confirm with . or Enter, or press ? or * to list all spells.
Terence is struck by an arc of lightning.
Terence is severely wounded.
You are struck by an arc of lightning.
The lightning grounds out.
You feel very sick. Terence barely misses you.
It was a potion of berserk rage.
A red film seems to cover your vision as you go berserk!
You feel yourself moving faster!
You feel mighty!
You feel very sick.
Terence hits you with a +4 short sword of venom!
* * * LOW HITPOINT WARNING * * *
You are more poisoned.
You hit Terence.
Terence is almost dead.
* * * LOW HITPOINT WARNING * * *
You feel sick.
Terence hits you with a +4 short sword of venom!
You die...

# ## # #[##.####
..######### #.g......
..........#
........##.>.######..#
.......g....# #####..#
#@# #...#..### #@#
#.#..<.... .# #.#
#...#.#### .#.# #.#
##.##.# .#.# #.#
#.##.# .#.# #.# #.##.#
.#.# #.# #.##.# .#.#
########.# #.##.###
†..######........#####
#.##...
#....................#
#.##.#


You could see Terence and a goblin.

Vanquished Creatures
  An adder (D:2)
  An ufetubus (D:2)
  A worm (D:2)
  A dart slug (D:1)
  8 endoplasms
  A giant cockroach (D:1)
  A goblin (D:2)
  2 hobgoblins
  2 jackals (D:1)
  4 quokkas
  A ball python (D:2)
  2 bats (D:2)
  3 frilled lizards
  3 kobolds
  4 rats
  A spectral hobgoblin (D:1)
36 creatures vanquished.

Notes
Turn   | Place    | Note
-------+----------+-------------------------------------------
     0 | D:1      | Stomo444 the Vine Stalker Air Elementalist began the quest
                  | for the Orb.
     0 | D:1      | Reached XP level 1. HP: 9/9 MP: 4/4
   262 | D:1      | Reached XP level 2. HP: 14/14 MP: 3/6
   507 | D:1      | Found a faded altar of an unknown god.
   994 | D:1      | Learned a level 2 spell: Static Discharge
  1119 | D:1      | Reached XP level 3. HP: 17/17 MP: 5/7
  1503 | D:2      | Found a shimmering altar of Xom.
  1560 | D:2      | Reached skill level 1 in Fighting
  2199 | D:2      | Gained mutation: Your natural rate of healing is unusually
                  | fast. [Vine Stalker growth]
  2199 | D:2      | Reached XP level 4. HP: 14/22 MP: 0/9
  2353 | D:2      | Noticed Terence
  2363 | D:2      | Slain by Terence

Illustrated notes

Levels and vault maps discovered:
D:1:      saegor_arrival_simple_e, layout_basic,
          dreamdust_ecumenical_altar_drowned_temple, nrook_mini_vaults,
          minmay_cupped
D:2:      layout_loops_ring, basic_altar, minmay_goblin_outpost, uniq_terence

Skill      XL: |  1  2  3 |
---------------+----------+-----
Fighting       | 1 |  1.1
Dodging        | 2 |  2.0
Stealth        | |  2.4
Spellcasting   | |  2.7
Conjurations   | |  1.7
Air Magic      | |  3.4

Action                   |  1- 3 |  4- 6 || total
-------------------------+-------+-------++-------
Melee: Dagger            |    15 |     2 ||    17
       Bite              |     4 |     1 ||     5
       Unarmed           |     2 |       ||     2
 Cast: Shock             |    78 |     7 ||    85
       Static Discharge  |     4 |     1 ||     5
  Use: Scroll            |     3 |       ||     3
       Potion            |       |     1 ||     1
 Stab: Sleeping          |     1 |       ||     1
Armor: Robe              |     4 |       ||     4
Dodge: Dodged            |    18 |     1 ||    19
